 Dungeon Crawl Stone Soup version 0.18.1-8-gdd0e5ea (webtiles) character file.

385 RudyRod the Gusty (level 6, -3/42 HPs)
             Began as a Demonspawn Air Elementalist on June 2, 2016.
             Slain by a hippogriff (6 damage)
             ... on level 4 of the Dungeon.
             The game lasted 00:26:31 (4869 turns).

RudyRod the Gusty (Demonspawn Air Elementalist)     Turns: 4869, Time: 00:26:31

Health: -3/42      AC:  7    Str: 15    XL:     6   Next: 48%
Magic:  3/10       EV: 12    Int: 18    God:
Gold:   127        SH:  0    Dex: 13    Spells: 2 memorised, 8 levels left

rFire  . . .     SeeInvis .     w - +4 short sword
rCold  . . .     Gourm    .     a - +1 robe
rNeg   . . .     Faith    .     (no shield)
rPois  +         Spirit   .     D - +0 helmet "Ducuar" {rPois rCorr Str+6 Stlth-} (curse)
rElec  .         Dismiss  .     (no cloak)
rCorr  +         Reflect  .     h - +0 pair of gloves
SustAt .         Harm     .     (no boots)
MR     .....                    (no amulet)
Stlth  ++........               (no ring)
                                (no ring)

@: swift, very quick, not resistant to hostile enchantments, unstealthy
A: claws 1, yellow scales 1, nightstalker 1, rot immunity
a: no special abilities


You were on level 4 of the Dungeon.
You were not hungry.

You visited 1 branch of the dungeon, and saw 4 of its levels.

You collected 127 gold pieces.

Inventory:

Hand Weapons
 f - a +0 dagger
 q - a +1 spear of piercing
 w - a +4 short sword (weapon)
 A - a cursed -1 dagger
Armour
 a - a +1 robe (worn)
 h - a +0 pair of gloves (worn)
 j - a +3 ring mail
 B - a +0 helmet
 D - the cursed +0 helmet "Ducuar" (worn) {rPois rCorr Str+6 Stlth-}
   (You found it on level 4 of the Dungeon)

   It affects your strength (+6).
   It protects you from poison.
   It protects you from acid and corrosion.
   It makes you less stealthy.
   It has a curse placed upon it.
Scrolls
 d - a scroll of random uselessness {unknown}
 e - 2 scrolls of identify
 k - a scroll of enchant weapon {unknown}
 l - a scroll of teleportation {unknown}
 n - 6 scrolls of remove curse {unknown}
 x - a scroll of fear {unknown}
 y - a scroll of magic mapping {unknown}
 C - a scroll of fog {unknown}
Potions
 g - 3 potions of heal wounds {unknown}
 i - a potion of flight {unknown}
 p - a potion of agility {unknown}
 s - 2 potions of might {unknown}
 u - a potion of invisibility {unknown}
 v - a potion of brilliance {unknown}
 z - a potion of degeneration {unknown}
Books
 b - a book of Air

   Spells                             Type                      Level
   a - Shock                          Conjuration/Air              1
   b - Swiftness                      Charms/Air                   2
   c - Repel Missiles                 Charms/Air                   2
   d - Static Discharge               Conjuration/Air              3
   e - Lightning Bolt                 Conjuration/Air              5
Comestibles
 c - 2 bread rations
 m - 4 fruits
 o - 3 beef jerkies
 r - 2 meat rations
 t - a slice of pizza


   Skills:
 + Level 0.8 Fighting
 + Level 0.8 Short Blades
 + Level 0.3 Polearms
 * Level 2.4 Armour
 + Level 2.3 Dodging
 + Level 2.3 Stealth
 + Level 3.3 Spellcasting
 + Level 2.6 Conjurations
 + Level 4.0 Air Magic


You had 8 spell levels left.
You knew the following spells:

 Your Spells              Type           Power        Failure   Level  Hunger
a - Shock                 Conj/Air       ##..         4%          1    None
b - Swiftness             Chrm/Air       ##......     12%         2    ##.....


Dungeon Overview and Level Annotations

Branches:
Dungeon (4/15)
 Temple: D:4-7

Altars:
Ashenzari
Cheibriados
Kikubaaqudgha


Innate Abilities, Weirdness & Mutations

You have sharp fingernails.
You are partially covered in yellow scales (AC +2).
You are slightly more attuned to the shadows.
You are immune to rotting.


Message History

The hippogriff is moderately wounded.
The hippogriff bites you but does no damage.
The hippogriff pecks you but does no damage.
The hippogriff claws you but does no damage.
You hit the hippogriff.
The hippogriff is heavily wounded.
The hippogriff bites you but does no damage.
The hippogriff pecks you. The hippogriff claws you.
You hit the hippogriff.
The hippogriff is heavily wounded.
The hippogriff bites you. The hippogriff pecks you.
* * * LOW HITPOINT WARNING * * *
The hippogriff claws you.
* * * LOW HITPOINT WARNING * * *
Casting: Shock
Confirm with . or Enter, or press ? or * to list all spells.
You feel quick. The hippogriff bites you.
* * * LOW HITPOINT WARNING * * *
The hippogriff pecks you.
You die...

.....'......#
######......##########
.....................#
.....................#
.....................#
.....................#
.....................#
.................H...#
................@....#
.....................#
.....................#
............[........#
######################


You could see a hippogriff.

Vanquished Creatures
  A phantom (D:4)
  A giant frog skeleton (D:4)
  Jessica (D:3)
  A worker ant (D:4)
  Robin (D:3)
  7 gnolls
  2 adders
  3 oozes
  5 worms
  3 dart slugs
  A giant gecko (D:2)
  3 orcs
  4 giant cockroaches
  14 goblins
  11 hobgoblins
  3 jackals (D:2)
  4 quokkas
  2 ball pythons
  8 bats
  4 giant newts
  6 kobolds
  7 rats
92 creatures vanquished.

Notes
Turn   | Place    | Note
--------------------------------------------------------------
     0 | D:1      | RudyRod the Demonspawn Air Elementalist began the quest for the Orb.
     0 | D:1      | Reached XP level 1. HP: 13/13 MP: 3/3
   482 | D:1      | Gained mutation: You are immune to rotting. [demonic ancestry]
   482 | D:1      | Reached XP level 2. HP: 13/19 MP: 0/5
   620 | D:1      | Reached skill level 3 in Air Magic
  1112 | D:2      | Gained mutation: You have sharp fingernails. [demonic ancestry]
  1112 | D:2      | Reached XP level 3. HP: 24/24 MP: 2/6
  1314 | D:2      | Reached skill level 1 in Armour
  1738 | D:2      | Gained mutation: You are partially covered in yellow scales (AC +2). [demonic ancestry]
  1738 | D:2      | Reached XP level 4. HP: 30/30 MP: 4/7
  2160 | D:2      | Learned a level 2 spell: Swiftness
  2932 | D:3      | Noticed Jessica
  2935 | D:3      | Killed Jessica
  3006 | D:3      | Found an ancient bone altar of Kikubaaqudgha.
  3060 | D:3      | Reached XP level 5. HP: 34/36 MP: 0/9
  3421 | D:3      | Found a shattered altar of Ashenzari.
  3539 | D:3      | Noticed Robin
  3574 | D:3      | Killed Robin
  3697 | D:3      | Found a snail-covered altar of Cheibriados.
  4526 | D:4      | Reached skill level 4 in Air Magic
  4526 | D:4      | Gained mutation: You are slightly more attuned to the shadows. [demonic ancestry]
  4526 | D:4      | Reached XP level 6. HP: 41/42 MP: 4/10
  4538 | D:4      | Got a polished helmet
  4549 | D:4      | Identified the cursed +0 helmet "Ducuar" {rPois rCorr Str+6 Stlth-} (You found it on level 4 of the Dungeon)
  4857 | D:4      | Noticed a hippogriff
  4869 | D:4      | Slain by a hippogriff

Skill      XL: |  1  2  3  4  5 |
---------------+----------------+-----
Air Magic      | 3 4 |  4.0
Dodging        | 2 |  2.3
Armour         | 1 2 |  2.4
Stealth        | 2 |  2.3
Spellcasting   | 3 |  3.3
Conjurations   | 2 |  2.6
Fighting       | |  0.8
Short Blades   | |  0.8
Polearms       | |  0.3

Action                   |  1- 3 |  4- 6 || total
-------------------------+-------+-------++-------
Melee: Unarmed           |     5 |       ||     5
       Dagger            |     3 |       ||     3
       Spear             |    42 |     9 ||    51
       Short sword       |       |    30 ||    30
 Cast: Shock             |    75 |   125 ||   200
       Swiftness         |       |     4 ||     4
  Use: Scroll            |     3 |     2 ||     5
 Stab: Sleeping          |     2 |       ||     2
  Eat: Chunk             |     3 |    10 ||    13
Armor: Robe              |    11 |    31 ||    42
Dodge: Dodged            |    33 |    39 ||    72
